 Dungeon Crawl Stone Soup version 0.27.1-33-g824d729ab1 (webtiles) character file.

Game seed: 7629417676932563525

40431 Altran the Bludgeoner (level 13, 0/118 HPs)
             Began as a Minotaur Fighter on Dec 9, 2021.
             Was a High Priest of the Shining One.
             Killed from afar by a bog body (20 damage)
             ... with a bolt of cold
             ... on level 2 of the Lair of Beasts on Dec 10, 2021.
             The game lasted 01:09:55 (17983 turns).

Altran the Bludgeoner (Minotaur Fighter)           Turns: 17983, Time: 01:09:55

Health: 0/118      AC: 25    Str: 33    XL:     13   Next: 74%
Magic:  0/12       EV:  9    Int:  5    God:    the Shining One [*****.]
Gold:   648        SH:  8    Dex:  9    Spells: 12/12 levels left

rFire    . . .     SeeInvis .   b - +10 dark maul {vorpal}
rCold    . . .     Faith    .   (shield currently unavailable)
rNeg     + + .     Spirit   +   k - +2 plate armour
rPois    .         Reflect  .   (helmet restricted)
rElec    .         Harm     .   P - +2 cloak
rCorr    .         Rampage  .   (no gloves)
Will     .....                  l - +2 pair of boots
Stlth    ..........             E - brooch of Shielding {Spirit SH+8}
HPRegen  0.29/turn              z - +6 ring of strength
MPRegen  0.13/turn              M - +4 ring of slaying

@: slowed, glowing, very slow
A: horns 2, retaliatory headbutt
a: Renounce Religion, Divine Shield, Cleansing Flame, Summon Divine Warrior


You were on level 2 of the Lair of Beasts.
You worshipped the Shining One.
The Shining One was extremely pleased with you.
You visited 3 branches of the dungeon, and saw 16 of its levels.

You collected 1107 gold pieces.
You spent 459 gold pieces at shops.

Inventory:

Hand Weapons
 a - a +0 flail
 b - the +10 dark maul (weapon) {vorpal}
   (You found it on level 5 of the Dungeon)

   It inflicts extra damage upon your enemies.
Missiles
 V - 26 large rocks
Armour
 c - a +0 kite shield
 k - a +2 plate armour (worn)
 l - a +2 pair of boots (worn)
 C - a scarf of repulsion
 P - a +2 cloak (worn)
Jewellery
 v - an amulet of reflection
 z - a +6 ring of strength (left hand)
 B - an amulet of the acrobat
 E - the brooch of Shielding (around neck) {Spirit SH+8}
   (You took it off an orc on level 7 of the Dungeon)

   [amulet of guardian spirit]

   It causes incoming damage to be divided between your reserves of health and
   magic.
   SH:        It affects your SH (+8).
 F - the amulet "Pilaghof" {RegenMP rN+ Dex+3 Stlth+}
   (You found it on level 7 of the Dungeon)

   [amulet of magic regeneration]

   It increases your rate of magic regeneration.
   Dex:       It affects your dexterity (+3).
   rN:        It protects you from negative energy.
   Stlth:     It makes you more stealthy.
 I - a ring of protection from fire
 J - a +6 ring of dexterity
 M - a +4 ring of slaying (right hand)
 Q - the ring of Oriam {rF+ Int+6 Slay+3 Stlth+}
   (You took it off a tengu warrior on level 10 of the Dungeon)

   [ring of protection from fire]

   Int:       It affects your intelligence (+6).
   Slay:      It affects your accuracy & damage with ranged weapons and melee
   (+3).
   rF:        It protects you from fire.
   Stlth:     It makes you more stealthy.
 W - a ring of wizardry
Wands
 g - a wand of paralysis (13)
 m - a wand of polymorph (33)
 t - a wand of flame (18)
 X - a wand of digging (7)
Scrolls
 e - a scroll of holy word {unknown}
 h - 3 scrolls of fear
 p - a scroll of blinking {unknown}
 q - 3 scrolls of teleportation {unknown}
 x - 3 scrolls of enchant weapon {unknown}
 y - 3 scrolls of identify
 D - 2 scrolls of brand weapon {unknown}
 H - 2 scrolls of summoning {unknown}
 K - 3 scrolls of magic mapping {unknown}
 N - 2 scrolls of vulnerability {unknown}
 O - a scroll of amnesia {unknown}
 R - a scroll of immolation {unknown}
 T - 2 scrolls of fog {unknown}
Potions
 d - 2 potions of might
 i - 5 potions of lignification {unknown}
 j - 9 potions of curing
 n - 3 potions of flight {unknown}
 o - 2 potions of attraction {unknown}
 r - a potion of invisibility {unknown}
 s - a potion of cancellation {unknown}
 u - 2 potions of degeneration {unknown}
 w - 2 potions of berserk rage {unknown}
 A - 2 potions of heal wounds
 G - a potion of mutation {unknown}
 L - a potion of brilliance {unknown}
 S - a potion of magic {unknown}
 U - a potion of haste {unknown}
Miscellaneous
 f - a phantom mirror


   Skills:
 + Level 12.0 Fighting
 + Level 19.0 Maces & Flails
 + Level 13.4 Armour
 + Level 2.2 Dodging
 + Level 9.9 Shields
 + Level 0.7 Unarmed Combat


You had 12 spell levels left.
You didn't know any spells.
Your spell library contained the following spells:

 Spells                   Type           Power      Damage    Failure   Level
 Sandblast                Erth           0%         2d4       95%         1
 Blink                    Tloc           N/A        N/A       99%         2
 Passwall                 Tmut/Erth      0%         N/A       99%         2
 Static Discharge         Conj/Air       0%         N/A       99%         2
 Frozen Ramparts          Ice            0%         1d2       100%        3
 Gell's Gravitas          Tloc           0%         N/A       100%        3
 Lesser Beckoning         Tloc           0%         N/A       100%        3
 Stone Arrow              Conj/Erth      0%         3d7       100%        3
 Teleport Other           Tloc           0%         N/A       100%        3
 Tukima's Dance           Hex            0%         N/A       100%        3
 Ice Form                 Ice/Tmut       0%         N/A       100%        4
 Passage of Golubria      Tloc           N/A        N/A       100%        4
 Summon Ice Beast         Ice/Summ       0%         N/A       100%        4
 Bolt of Magma            Conj/Fire/Erth 0%         4d4       100%        5
 Lee's Rapid Deconstruct  Erth           0%         3d5*      100%        5
 Lightning Bolt           Conj/Air       0%         1d11      100%        5
 Manifold Assault         Tloc           0%         N/A       100%        5
 Summon Forest            Summ/Tloc      0%         N/A       100%        5
 Summon Mana Viper        Hex/Summ       0%         N/A       100%        5
 Yara's Violent Unravell  Hex/Tmut       0%         3d3       100%        5
 Dispersal                Tloc           0%         N/A       100%        6
 Shadow Creatures         Summ           N/A        N/A       100%        6
 Disjunction              Tloc           0%         N/A       100%        8
 Maxwell's Capacitive Co  Air            0%         ∞         100%        8
 Shatter                  Erth           0%         3d5*      100%        9


Dungeon Overview and Level Annotations

Branches:
Dungeon (12/15)            Temple (1/1) D:6            Lair (3/6) D:11
    Orc (0/2) D:12
  Swamp: Lair:2-4    Shoals: Lair:2-4     Snake: Lair:2-4    Spider: Lair:2-4

Altars:
Ashenzari
Cheibriados
Dithmenos
Elyvilon
Fedhas
Gozag
Hepliaklqana
Kikubaaqudgha
Makhleb
Nemelex Xobeh
Okawaru
Qazlal
Ru
Sif Muna
Trog
Uskayaw
Vehumet
Wu Jian
Xom
Yredelemnul
Zin
The Shining One

Shops:
D:5 ![?[   D:7 =*   D:9 :([

Annotations:
D:12 Azrael
Lair:2 exclusion: oklob plant


Innate Abilities, Weirdness & Mutations

You have a pair of horns on your head.
You reflexively headbutt those who attack you in melee.


Message History

The harpoon shot hits you!!
You are yanked forward by the harpoon shot.
A swamp worm and a bog body come into view.
You flatten the swamp worm like a pancake!!!
You kill the swamp worm!
A bog body comes into view.
The bog body gestures at you while chanting.
The bolt of cold hits you!!
You see here a swamp worm corpse.
The swamp worm fires a harpoon shot at you.
The harpoon shot hits you.
You are yanked forward by the harpoon shot.
The bog body touches you! The bog body freezes you!
You see here a swamp worm corpse.
The swamp worm fires a harpoon shot at you.
The harpoon shot misses you. The bog body casts a spell at you.
You feel yourself slow down. The bog body casts a spell at you.
You resist with significant effort. The swamp worm closely misses you.
There is a fountain of clear blue water here.
The swamp worm bites you.
The bog body points at you and mumbles some strange words.
The bolt of cold hits you! You block the swamp worm's attack.
The swamp worm fires a harpoon shot at you.
The harpoon shot hits you.
You are yanked forward by the harpoon shot.
The bog body touches you! The bog body freezes you!
* * * LOW HITPOINT WARNING * * *
The bog body touches you.
* * * LOW HITPOINT WARNING * * *
The bog body freezes you!!
* * * LOW HITPOINT WARNING * * *
You feel much better. The swamp worm closely misses you.
You furiously retaliate!
You headbutt the swamp worm! The bog body closely misses you.
The bog body points at you and mumbles some strange words.
The bolt of cold hits you!!
You die...

.......##....÷.....#
.......#....÷>.....#
.......#...........#
...........#####.###
#P..+...#### #.#
#....#)...### #..
.(## ###..#.# ..##
#...# ##@.###
###nnw..##.#
#...⌠⌠......
##.♣..♣.#..#
#.$♣..♣..#.#
#.♣♣..♣♣.# #
#.♣≈.♣≈♣.. #.♣≈..≈♣
#. ..♣≈..≈♣


You could see 2 bog bodies and a swamp worm.

Vanquished Creatures
  Snorg (D:12)
  The ghost of Moto the Fighter, a journeyman MiBe of Trog (D:10)
  A boulder beetle (D:11)
  3 hydras
  3 centaur warriors (D:8)
  2 tengu warriors
  4 two-headed ogres
  3 death yaks (D:11)
  Urug (D:11)
  Nergalle (D:11)
  A salamander (shapeshifter) (D:8)
  Pikel (D:8)
  3 ugly things
  6 cyclopes
  2 manticores (D:8)
  3 elephants (Lair:2)
  A torpor snail (Lair:3)
  A black mamba (Lair:2)
  2 gargoyles
  Maggie (D:8)
  4 cane toads
  Psyche (D:8)
  An unseen horror (D:8)
  A kobold demonologist (D:8)
  A tengu conjurer (D:8)
  5 komodo dragons
  A polar bear (Lair:3)
  3 trolls
  The ghost of Latro the Gusty, an amateur DrAE of Qazlal (D:7)
  4 blink frogs (Lair:3)
  A shadow (D:8)
  26 yaks
  2 steam dragons
  A swamp worm (Lair:2)
  Menkaure (D:5)
  4 wargs (D:12)
  2 acid dragons
  9 water moccasins
  2 hell hounds (D:11)
  2 ice beasts
  4 black bears
  6 orc warriors
  3 sky beasts
  2 hornet zombies (D:7)
  12 wolves
  8 centaurs
  4 lemures (D:8)
  7 ogres
  2 phantoms (D:7)
  6 kobold brigands
  7 bullfrogs
  A scorpion (D:7)
  2 wyvern zombies
  A gnoll sergeant (D:8)
  2 wyvern skeletons
  A water moccasin skeleton (D:4)
  5 wights
  14 killer bees
  A howler monkey (D:8)
  An electric eel (Lair:1)
  9 centaur zombies
  3 bullfrog zombies
  2 quasits (D:7)
  A hound (D:5)
  4 centaur skeletons
  A gnoll shaman (D:7)
  A jelly (D:7)
  3 orc priests
  An iguana (D:5)
  Ijyb (D:3)
  8 orc wizards
  2 howler monkey zombies
  10 gnolls
  A howler monkey skeleton (D:6)
  11 adders
  2 white imps
  3 ufetubi
  An adder skeleton (D:4)
  A worm (D:2)
  5 dart slugs
  22 orcs
  2 bats (D:1)
  6 endoplasms
  2 giant cockroaches
  6 goblins
  5 hobgoblins
  3 jackals (D:3)
  6 quokkas
  8 ball pythons
  4 frilled lizards
  34 kobolds
  8 rats
  2 fungi (Lair:1)
380 creatures vanquished.

Vanquished Creatures (others)
  2 quasits (D:7)
  13 fungi
  35 plants
  5 withered plants
55 creatures vanquished.

Grand Total: 435 creatures vanquished

Notes
Turn   | Place    | Note
-------+----------+-------------------------------------------
     0 | D:1      | Altran the Minotaur Fighter began the quest for the Orb.
     0 | D:1      | Reached XP level 1. HP: 19/19 MP: 0/0
   263 | D:1      | Reached XP level 2. HP: 27/27 MP: 1/1
   533 | D:1      | Reached skill level 3 in Maces & Flails
   550 | D:1      | Reached XP level 3. HP: 30/33 MP: 2/2
  1929 | D:2      | Reached XP level 4. HP: 40/40 MP: 3/3
  2653 | D:3      | Reached skill level 4 in Maces & Flails
  2767 | D:3      | Noticed Ijyb
  3006 | D:3      | Killed Ijyb
  3185 | D:3      | Found a hide-covered altar of Uskayaw.
  3277 | D:3      | Found a faded altar of an unknown god.
  3676 | D:4      | Reached XP level 5. HP: 47/47 MP: 4/4
  3792 | D:4      | Noticed an ogre
  3801 | D:5      | Entered Level 5 of the Dungeon
  3801 | D:5      | Found the +10 dark maul {vorpal}
  3824 | D:4      | Killed an ogre
  3825 | D:4      | Reached skill level 5 in Armour
  4215 | D:4      | Reached XP level 6. HP: 44/53 MP: 5/5
  4366 | D:4      | Reached skill level 5 in Maces & Flails
  4416 | D:4      | Reached skill level 1 in Dodging
  4931 | D:5      | Reached skill level 6 in Maces & Flails
  4998 | D:5      | Reached skill level 5 in Shields
  4998 | D:5      | Reached XP level 7. HP: 60/60 MP: 6/6
  4999 | D:5      | Reached skill level 5 in Fighting
  5017 | D:5      | Reached skill level 7 in Maces & Flails
  5051 | D:5      | Found Kammimul's Armour Emporium.
  5056 | D:5      | Found Fuby's Magic Scroll Emporium.
  5057 | D:5      | Found Poch's Antique Armour Emporium.
  5057 | D:5      | Found Lopt's Distillery.
  5383 | D:5      | Bought a scroll of identify for 24 gold pieces
  5387 | D:5      | Bought a potion of curing for 33 gold pieces
  5390 | D:5      | Bought a +0 cloak for 67 gold pieces
  5398 | D:5      | Bought a potion of heal wounds for 55 gold pieces
  5659 | D:5      | Noticed Menkaure
  5676 | D:5      | Killed Menkaure
  5677 | D:5      | Reached XP level 8. HP: 69/69 MP: 7/7
  6088 | D:6      | Noticed a troll
  6097 | D:5      | Killed a troll
  6098 | D:5      | Reached skill level 8 in Maces & Flails
  6211 | D:6      | Found a glowing golden altar of the Shining One.
  6218 | D:6      | Became a worshipper of the Shining One
  6327 | D:6      | Found a staircase to the Ecumenical Temple.
  6334 | Temple   | Entered the Ecumenical Temple
  6929 | D:6      | Reached skill level 9 in Maces & Flails
  7259 | D:7      | Reached * piety under the Shining One
  7263 | D:7      | Reached XP level 9. HP: 78/78 MP: 8/8
  7318 | D:7      | Found a broken altar of Ashenzari.
  7318 | D:7      | Found a basalt altar of Yredelemnul.
  7318 | D:7      | Found a bloodstained altar of Trog.
  7326 | D:7      | Reached skill level 10 in Maces & Flails
  7376 | D:7      | Found an opulent altar of Gozag.
  7376 | D:7      | Found Gozag's Platinum Reserve.
  7420 | D:7      | Found a transporter.
  7424 | D:7      | Noticed Latro's ghost (amateur DrAE)
  7436 | D:7      | Found a transporter.
  7637 | D:7      | Reached skill level 11 in Maces & Flails
  7645 | D:7      | Noticed a gargoyle
  7649 | D:7      | Killed a gargoyle
  7707 | D:7      | Identified the amulet "Pilaghof" {RegenMP rN+ Dex+3 Stlth+}
  7745 | D:7      | Reached skill level 12 in Maces & Flails
  7770 | D:7      | Reached ** piety under the Shining One
  7777 | D:7      | Found an ancient bone altar of Kikubaaqudgha.
  7813 | D:7      | Found Vucats's Jewellery Boutique.
  7955 | D:7      | Reached XP level 10. HP: 84/88 MP: 9/9
  8301 | D:7      | Killed Latro's ghost
  8440 | D:8      | Noticed Maggie
  8506 | D:8      | Noticed Psyche
  8516 | D:8      | Killed Psyche
  8540 | D:8      | Killed Maggie
  8541 | D:8      | Reached skill level 13 in Maces & Flails
  8651 | D:8      | Noticed Pikel
  8670 | D:8      | Killed Pikel
  8843 | D:8      | Identified the +4 robe "Aweurghe" {-Tele rC+ Int+4 Dex+2}
  8862 | D:8      | Reached skill level 14 in Maces & Flails
  8989 | D:8      | Reached *** piety under the Shining One
  9007 | D:8      | Reached XP level 11. HP: 95/95 MP: 10/10
  9414 | D:8      | Noticed a green ugly thing
  9418 | D:8      | Killed a green ugly thing
  9474 | D:8      | Noticed a centaur warrior
  9478 | D:8      | Noticed a tengu warrior
  9479 | D:8      | Killed a centaur warrior
  9482 | D:8      | Killed a tengu warrior
  9483 | D:8      | Reached skill level 15 in Maces & Flails
  9488 | D:8      | Noticed a centaur warrior
  9492 | D:8      | Killed a centaur warrior
  9796 | D:8      | Noticed a centaur warrior
  9804 | D:8      | Killed a centaur warrior
  9805 | D:8      | Reached skill level 10 in Fighting
  9805 | D:8      | Reached skill level 10 in Armour
  9834 | D:8      | Reached skill level 16 in Maces & Flails
 10888 | D:9      | You fall into a shaft and drop 1 floor!
 10888 | D:10     | Entered Level 10 of the Dungeon
 11038 | D:10     | Found a runed translucent door.
 11111 | D:9      | Found Lomp's Armour Shop.
 11196 | D:9      | Found Awoed's Book Shop.
 11371 | D:9      | Noticed a two-headed ogre
 11374 | D:9      | Killed a two-headed ogre
 11640 | D:9      | Found Xojedaat's Weapon Shop.
 11650 | D:9      | Bought a +2 cloak for 280 gold pieces
 11708 | D:9      | Reached **** piety under the Shining One
 11894 | D:10     | Reached XP level 12. HP: 106/106 MP: 11/11
 11942 | D:10     | Noticed Moto's ghost (journeyman MiBe)
 11948 | D:10     | Identified the +1 ring mail "Kiseydeze" {+Blink Int+4
                  | Slay+2}
 11998 | D:10     | Found a shimmering altar of Xom.
 12252 | D:10     | Noticed a two-headed ogre
 12256 | D:10     | Killed a two-headed ogre
 12272 | D:10     | Identified the ring of Oriam {rF+ Int+6 Slay+3 Stlth+}
 12272 | D:10     | Noticed a tengu warrior
 12274 | D:10     | Killed a tengu warrior
 12464 | D:10     | Identified the +1 lajatang of Hezxogoh {vamp, +Rage Will++
                  | Str+2 Dex-3}
 12559 | D:10     | Killed Moto's ghost
 12790 | D:11     | Noticed a two-headed ogre
 12796 | D:11     | Killed a two-headed ogre
 12865 | D:11     | Reached skill level 17 in Maces & Flails
 13134 | D:11     | Noticed Urug
 13135 | D:11     | Noticed a death yak
 13137 | D:11     | Noticed a death yak
 13138 | D:11     | Noticed a death yak
 13138 | D:11     | Noticed a boulder beetle
 13144 | D:11     | Killed a death yak
 13146 | D:11     | Killed Urug
 13147 | D:11     | Killed a death yak
 13148 | D:11     | Killed a death yak
 13151 | D:11     | Killed a boulder beetle
 13695 | D:11     | Noticed an ettin
 13780 | D:11     | Found a staircase to the Lair.
 14057 | D:11     | Noticed Nergalle
 14059 | D:11     | Killed Nergalle
 14064 | D:11     | Reached skill level 18 in Maces & Flails
 14851 | D:12     | Reached XP level 13. HP: 80/116 MP: 8/12
 15006 | D:12     | Found a staircase to the Orcish Mines.
 15431 | D:12     | Noticed Snorg
 15437 | D:12     | Killed Snorg
 15552 | D:12     | Noticed Azrael
 15697 | Lair:1   | Entered Level 1 of the Lair of Beasts
 17289 | Lair:1   | You fall into a shaft and drop 1 floor!
 17555 | Lair:2   | Reached ***** piety under the Shining One
 17789 | Lair:3   | Reached skill level 19 in Maces & Flails
 17982 | Lair:2   | HP: 1/118 [bog body (23)]
 17983 | Lair:2   | Killed from afar by a bog body

Illustrated notes

Levels and vault maps discovered:
D:1:      erik_arrival_cave_to_civilisation [erik_arrival_cave_to_hall],
          layout_basic
D:2:      layout_basic
D:3:      layout_loops_cross, nicolae_uskayaw_murder_on_the_dancefloor,
          ebering_ecumenical_altar_mist, uniq_ijyb
D:4:      layout_basic, minmay_snake_closets
D:5:      layout_basic, minmay_shop_grid_forest, uniq_menkaure
D:6:      layout_loops_ring, mainiacjoe_overflow_alcove_2,
          minmay_temple_entry_overgrown, dk_noncrumbling_2, dk_noncrumbling_4
D:7:      minmay_octagon_keep, layout_rooms,
          chequers_temple_overflow_statue_of_worship,
          nicolae_gozag_zags_fifth_avenue, kiku_gazebo_garden_becter,
          serial_shops, kennysheep_mini, gammafunk_ghost_stat_death,
          grunt_ministairs_3, kennysheep_potato
D:8:      nzn_winding_woodlands_large [nzn_winding_woodlands_5x5_default,
          nzn_winding_woodlands_5x15_lazy_stream,
          nzn_winding_woodlands_5x5_closed_star,
          nzn_winding_woodlands_center_pierced_h,
          nzn_winding_woodlands_15x15_thick_spiral,
          nzn_winding_woodlands_center_diamonds,
          nzn_winding_woodlands_5x5_perimeter,
          nzn_winding_woodlands_5x15_sawtooth,
          nzn_winding_woodlands_5x5_checkerboard], layout_basic, special_room
          [special_room_kobold], uniq_psyche, uniq_pikel, uniq_maggie
D:9:      layout_loops_cross, serial_co_window_serial, co_window_corner_a,
          co_window_paths_a, co_window_paths_a, co_window_corner_a,
          co_window_corner_a, co_window_broadway_b, co_window_cross_3,
          co_window_unsneaky_path_e, glass_columns_c, glass_columns_b,
          serial_shops, shop_statue, nicolae_shop_behind_doors, shop
D:10:     layout_irregular_city, mainiacjoe_overflow_24_doors,
          gammafunk_ghost_grave, minmay_radiant
D:11:     giant_chief_lemuel, layout_basic, dpeg_lair_monsters, uniq_urug,
          uniq_nergalle
D:12:     layout_gridville, minmay_orc_entry_guard_dogs, uniq_snorg, uniq_azrael
Temple:   zaba_magenta_temple
Lair:1:   layout_chaotic_city, serial_bayou_lagoon_b
Lair:2:   layout_roguey, nicolae_swamp_entry_splash_gauntlet,
          grunt_megastairs_4, minmay_lair_oklob_chamber
Lair:3:   layout_misc_corridors, uniq_gastronok

Skill      XL: |  1  2  3  4  5  6  7  8  9 10 11 12 13 |
---------------+----------------------------------------+-----
Armour         | 4 5 6 8 9 10 12 13 | 13.4
Fighting       | 4 5 6 7 8 10 11 12 | 12.0
Shields        | 4 5 6 7 8 9 |  9.9
Maces & Flails | 3 4 6 7 9 12 14 16 18 19 | 19.0
Dodging        | 1 2 |  2.2
Unarmed Combat | |  0.7

Action                   |  1- 3 |  4- 6 |  7- 9 | 10-12 | 13-15 || total
-------------------------+-------+-------+-------+-------+-------++-------
Melee: Flail             |   110 |    76 |       |       |       ||   186
       Headbutt          |    17 |    26 |     6 |    28 |    19 ||    96
       Maul              |       |    48 |    80 |   208 |   100 ||   436
       Unarmed           |       |       |       |     5 |       ||     5
  Use: Scroll            |       |       |     1 |     4 |       ||     5
       Potion            |       |       |       |     1 |     1 ||     2
Armor: Scale mail        |    44 |       |       |       |       ||    44
       Plate armour      |     9 |    92 |    78 |   261 |   171 ||   611
Dodge: Dodged            |    26 |    44 |    31 |   162 |   106 ||   369
Block: Kite shield       |    54 |    40 |       |       |       ||    94
       Other             |       |    34 |    35 |   141 |    93 ||   303
       Reflection        |       |     3 |     1 |       |       ||     4
